 Dungeon Crawl Stone Soup version 0.27-a0-1579-g97d2440184 (webtiles) character file.

Game seed: 15672513114598447033

0 Spaninq the Sneak (level 1, -8/19 HPs)
             Began as a Hill Orc Delver on July 17, 2021.
             Mangled by a mummy (13 damage)
             ... in an ossuary.
             The game lasted 00:01:13 (107 turns).

Spaninq the Sneak (Hill Orc Delver)                  Turns: 107, Time: 00:01:15

Health: -8/19      AC:  3    Str: 14    XL:     1   Next: 0%
Magic:  1/1        EV: 11    Int: 10    God:
Gold:   0          SH:  0    Dex: 12    Spells: 0/0 levels left

rFire    . . .     SeeInvis .   a - +0 hand axe
rCold    . . .     Faith    .   (no shield)
rNeg     . . .     Spirit   .   b - +0 leather armour
rPois    .         Reflect  .   (no helmet)
rElec    .         Harm     .   (no cloak)
rCorr    .         Rampage  .   (no gloves)
Will     .....                  (no boots)
Stlth    ++........             (no amulet)
HPRegen  0.06/turn              (no ring)
MPRegen  0.07/turn              (no ring)

@: no status effects
A: no striking features
a: no special abilities


You were in an ossuary.
You visited 1 branch of the dungeon, and saw 2 of its levels.
You also visited: Ossuary.

Inventory:

Hand Weapons
 a - a +0 hand axe (weapon)
Armour
 b - a +0 leather armour (worn)
Wands
 g - a wand of digging (3)
Scrolls
 c - a scroll of fog
 d - a scroll of magic mapping
 e - a scroll of fear
Potions
 f - a potion of haste


   Skills:
 + Level 3.6 Fighting
 * Level 2.6 Axes
 + Level 0.0 Armour
 - Level 1.5 Dodging
 - Level 4.1 Stealth


You couldn't memorise any spells.
You didn't know any spells.
Your spell library was empty.

Dungeon Overview and Level Annotations

Branches:
Dungeon (5/15)            Ossuary (1/1)
 Temple: D:4-7

Altars:


Message History

There is an escape hatch in the ceiling here.
There is an escape hatch in the ceiling here.
A mysterious force pulls you upwards. The hatch slams shut behind you.
You hear the hiss of flowing sand.
There is an entrance to an ossuary on this level.
Hurry and find it before the portal is buried!
Found a dagger.
A kobold comes into view. It is wielding a +0 dagger.
Found a sand-covered staircase.
There is a sand-covered staircase here.
The world spins around you as you enter the gateway.
You enter an ossuary!
Found a gate leading back out of this place.
There is an empty arch of ancient stone here.
You open the door.
A bog mummy comes into view.
A water moccasin zombie comes into view.
There is an open door here.
A killer bee zombie comes into view.
A mummy comes into view.
The mummy splashes around in the water. 3 mummies and 2 zombies come into view.
A centaur zombie comes into view.
The mummy hits something!!
The water moccasin zombie bites you. The mummy hits you but does no damage.
There is an open door here.
The water moccasin zombie bites you.
You hit the water moccasin zombie.
The water moccasin zombie is lightly damaged.
The water moccasin zombie barely misses you.
The water moccasin zombie closely misses you.
You hit the water moccasin zombie but do no damage.
The water moccasin zombie is lightly damaged.
You hit the mummy but do no damage.
The water moccasin zombie barely misses you.
You completely miss the water moccasin zombie.
The water moccasin zombie is lightly damaged.
You barely miss the mummy. The water moccasin zombie bites you.
* * * LOW HITPOINT WARNING * * *
The mummy hits you!
Ouch! That really hurt!
You die...

≈≈#≈≈ ≈≈#≈
## #≈#.
≈≈≈#≈≈.
≈≈P.≈
≈#≈#≈≈≈#####
#≈≈≈P.≈#...#
#≈ZMZ∩.#
#..≈#@.∩#
≈≈≈≈##M#####
#≈# 'Z ≈ ≈#.
#P.. #


MZ MZ You could see a mummy, a water moccasin zombie and a killer bee zombie.

Vanquished Creatures (others)
  2 withered plants (Ossuary)
2 creatures vanquished.

Notes
Turn   | Place    | Note
-------+----------+-------------------------------------------
     0 | D:5      | Spaninq the Hill Orc Delver began the quest for the Orb.
     0 | D:5      | Reached XP level 1. HP: 19/19 MP: 1/1
     4 | D:5      | Noticed a scorpion
    78 | D:4      | Found a sand-covered staircase.
    89 | Ossuary  | Entered an ossuary
    91 | Ossuary  | Noticed a bog mummy
    92 | Ossuary  | Noticed a water moccasin zombie
   103 | Ossuary  | Noticed a hornet zombie
   107 | Ossuary  | Mangled by a mummy

Illustrated notes

Levels and vault maps discovered:
D:4:      layout_loops_ring, gammafunk_ghost_cemetery,
          nicolae_ossuary_entry_ruins
D:5:      layout_cave_pods, lemuel_mausoleum_altar_kikubaaqudgha,
          hangedman_decor_push, dk_noncrumbling_3
Ossuary:  ossuary_zaba_flooded

Action                   || total
-------------------------++-------
Melee: Hand axe          ||     3
Armor: Leather armour    ||     1
Dodge: Dodged            ||     3

Table legend: (Time is in decaauts)
 A = Elapsed time spent in this place.
 B = Non-inter-level travel time spent in this place.
 C = Inter-level travel time spent in this place.
 D = Time resting spent in this place.
 E = Time spent auto-exploring this place.
 F = Levels seen in this place.
 G = Mean time per level.
                   A        B        C        D        E       F      G
               +--------+--------+--------+--------+--------+-----+--------+
         Total |    106 |    106 |      0 |      0 |      0 |   3 |   35.3 |
       Dungeon |     88 |     88 |      0 |      0 |      0 |   2 |   44.0 |
       Ossuary |     18 |     18 |      0 |      0 |      0 |   1 |   18.0 |
               +--------+--------+--------+--------+--------+-----+--------+

Top non-repeatable levels by time:
     D:5: 63 daAuts
     D:4: 25 daAuts
 Ossuary: 18 daAuts
